 Dungeon Crawl Stone Soup version 0.29-a0-892-g2c4c91d9db (webtiles) character file.

Game seed: 11273729995166646436

1622 kae the Martial Artist (level 8, -1/57 HPs)
             Began as a Demonspawn Gladiator on July 22, 2022.
             Succumbed to a hornet's poison
             ... on level 7 of the Dungeon.
             The game lasted 00:07:13 (7059 turns).

kae the Martial Artist (Demonspawn Gladiator)       Turns: 7059, Time: 00:07:13

Health: -1/57      AC: 13    Str: 15    XL:     8   Next: 65%
Magic:  8/8        EV: 13    Int:  9    God:
Gold:   175        SH:  5    Dex: 17    Spells: 7/7 levels left

rFire   + . .      SeeInvis .     - Unarmed
rCold   . . .      Faith    .   (no shield)
rNeg    . . .      Spirit   .   h - +3 leather armour {rF+}
rPois   .          Reflect  +   g - +0 helmet
rElec   .          Harm     .   (no cloak)
rCorr   .          Rampage  .   (no gloves)
Will    +....                   (no boots)
Stlth   +.........              o - amulet of reflection
HPRegen 0.19/turn               O - +4 ring of protection
MPRegen 0.11/turn               n - ring of willpower

@: lethally poisoned (-1 -> -29), about to teleport, slowed, very slow
A: sharp scales 2, weakness stinger 2
a: no special abilities


You were on level 7 of the Dungeon.
You visited 1 branch of the dungeon, and saw 7 of its levels.

You collected 266 gold pieces.
You spent 91 gold pieces at shops.


Innate Abilities, Weirdness & Mutations

You are mostly covered in razor-sharp scales. (AC +2, Slay +2)
You have a tail ending in a sharp stinger.


   Skills:
 + Level 2.4 Fighting
 - Level 1.7 Throwing
 + Level 1.1 Armour
 + Level 3.0 Dodging
 * Level 10.2 Unarmed Combat


You had 7 spell levels left.
You didn't know any spells.
Your spell library contained the following spells:

 Spells                   Type           Power      Damage    Failure   Level
 Beastly Appendage        Tmut           0%         N/A       45%         1
 Blink                    Tloc           0%         N/A       58%         2
 Wereblood                Tmut           0%         N/A       58%         2
 Lesser Beckoning         Tloc           0%         N/A       83%         3
 Ozocubu's Armour         Ice            0%         N/A       83%         3
 Spider Form              Tmut/Pois      0%         N/A       83%         3
 Cause Fear               Hex            0%         N/A       99%         4
 Fulminant Prism          Conj/Hex       0%         3d6       99%         4
 Iskenderun's Mystic Bla  Conj/Tloc      0%         2d3       99%         4
 Lee's Rapid Deconstruct  Erth           0%         3d5*      100%        5
 Manifold Assault         Tloc           0%         N/A       100%        5
 Dragon Form              Tmut           0%         N/A       100%        7
 Ozocubu's Refrigeration  Ice            0%         4d5       100%        7
 Dragon's Call            Summ           0%         N/A       100%        9

Inventory:

Missiles
 c - 3 throwing nets (quivered) {=f!f}
 d - a javelin
 i - 2 boomerangs of dispersal {=f!f}
 l - 63 stones
 t - 13 poisoned darts
 y - 6 boomerangs
 Q - 2 curare-tipped darts {=f}
Armour
 a - a +0 leather armour
   (You took it off a gnoll bouda on level 6 of the Dungeon)
 g - a +0 helmet (worn)
   (You found it on level 1 of the Dungeon)
 h - a +3 leather armour of fire resistance (worn)
   (You found it on level 3 of the Dungeon)
 p - a +0 pair of gloves
   (You found it on level 6 of the Dungeon)
 q - a +0 leather armour
   (You took it off an orc on level 7 of the Dungeon)
 s - a +0 chain mail
   (You took it off an orc on level 7 of the Dungeon)
 u - a +0 chain mail
   (You took it off an orc priest on level 7 of the Dungeon)
Jewellery
 n - a ring of willpower (right hand)
   (You found it on level 1 of the Dungeon)
 o - an amulet of reflection (around neck)
   (You found it on level 1 of the Dungeon)
 C - a ring of protection from cold
   (You found it on level 2 of the Dungeon)
 N - a ring of positive energy
   (You found it on level 5 of the Dungeon)
 O - a +4 ring of protection (left hand)
   (You found it on level 6 of the Dungeon)
 S - a +6 ring of strength
   (You found it on level 1 of the Dungeon)
Wands
 j - a wand of roots (7)
   (You found it on level 6 of the Dungeon)
 k - a wand of flame (32)
   (You found it on level 6 of the Dungeon)
Scrolls
 b - a scroll of blinking {!r}
 r - 2 scrolls of vulnerability {!r!r}
 E - 2 scrolls of teleportation {@r4}
 P - 2 scrolls of identify {@r1}
 R - a scroll of magic mapping {unknown}
Potions
 e - a potion of magic {unknown}
 f - a potion of brilliance {unknown}
 m - 2 potions of might {unknown}
 v - a potion of attraction {unknown}
 w - a potion of haste {@q3}
 z - 2 potions of lignification {!q}
 A - a potion of berserk rage {!q}
 F - 2 potions of flight

Dungeon Overview and Level Annotations

Branches:
Dungeon (7/15) Zot: 26816  Temple (0/1) D:6

Altars:
Kikubaaqudgha
Nemelex Xobeh

Shops:
D:2 :   D:4 ?

Annotations:
D:7 3 runed translucent doors, qborf's ghost, novice NaFE

.. . # .## #. ...##
####.######....#
..........g?....
##.##..z..yg...#
#........)o# #..#####@#.#
##...###....### ##
#.###.....#..............#
.. #................###
....# ##
#######.###.....## #.#.###
########.#
##..$.######.....###
.........#
##.#...............
########.#
#.#####......#.### #.#
###.## #.##.#.#.#


You could see a hornet, a gnoll sergeant, a wight, a gnoll and an orc.


Message History

Things that are here:
a +0 dagger; an orc corpse No target in view!
No target in view!
s - a +0 chain mail;
u - a +0 chain mail
Items here: )) ††.
Q - 2 curare-tipped darts {=f} (gained 1)
You see here a +0 dagger. 😎 HP[+3]
Your hp is fully restored (57).
Items here: )))) ††.
The kobold brigand shouts!
You hear a shout! x4
The kobold brigand shouts! x2
The kobold brigand shouts! x2; You hear a shout!
You now have 157 gold pieces (gained 7).
Key pressed, stopping explore.
No reachable target in view!
No reachable target in view!
v - a blue potion No reachable target in view!
No reachable target in view!
The kobold brigand shouts! x2
Qborf's ghost shrieks, "Do you think the gods will protect you?"
Qborf's ghost shrieks, "You will never get the ORB!"
Qborf's ghost says, "Don't worry, you'll be warm in a moment."
Qborf's ghost grins evilly.
Qborf's ghost says, "Don't worry, you'll be warm in a moment."
Key pressed, stopping explore.
An orc comes into view. It is wielding a +0 hand axe.
You block the orc's attack.
You hit the orc. You block the orc's attack.
You hit the orc.
Your tail-slap misses the orc.
The orc hits you but does no damage.
You punch the orc!
You kill the orc!
l - 61 stones (gained 6)
Found a white marble altar of Elyvilon.
You see here a +0 hand axe.
No target in view!
No target in view!
There is a fountain of clear blue water here.
There is a white marble altar of Elyvilon here.
l - 63 stones (gained 2)
There is a white marble altar of Elyvilon here.
There is a fountain of clear blue water here.
You now have 175 gold pieces (gained 18).
A gnoll comes into view. It is wielding a +0 club.
A gnoll is nearby!
An orc comes into view. It is wielding a +0 whip.
The gnoll shouts!
The orc shouts!
You hear a shout!
You hear an angry buzzing noise.
A gnoll comes into view. It is wielding a +0 spear.
A hornet comes into view.
The hornet buzzes angrily.
A gnoll sergeant comes into view. It is wielding a +0 trident.
There are monsters nearby!
A wight comes into view. It is wielding a +5 halberd.
The gnoll shouts!
You hear an angry growl.
You hear a shout!
The gnoll sergeant shouts!
You punch the gnoll!
You kill the gnoll!
You block the wight's attack.
There are monsters nearby!
The hornet stings you!
You are poisoned.
You feel yourself slow down. You block the wight's attack.
The orc closely misses you.
The gnoll hits you from afar with a +0 spear.
Things that are here:
a +0 club; a gnoll corpse You miss the hornet.
Your tail-slap misses the hornet.
You feel very sick. The hornet closely misses you. The hornet stings you.
You are more poisoned.
You feel as though you will be slow longer.
The wight misses you. The orc completely misses you.
The gnoll closely misses you. 😮 HP[-20]
You take 20 damage, and now have 37/57 hp.
MASSIVE DAMAGE!! (PAUSE) Unknown command.
Unknown command.
As you read the scroll of teleportation {@r4}, it crumbles to dust.
You feel strangely unstable.
You feel extremely sick.
The hornet stings you but does no damage.
The hornet stings you!
* * * LOW HITPOINT WARNING * * *
You are lethally poisoned!
You feel as though you will be slow longer.
The wight barely misses you. You block the orc's attack. The gnoll misses you.
The gnoll sergeant hits you from afar with a +0 trident!
* * * LOW HITPOINT WARNING * * *
The hornet stings you but does no damage. 😱 HP[-29]
You take 29 damage, and now have 8/57 hp.
MASSIVE DAMAGE!! (PAUSE) Unknown command.
Unknown command.
You die...

Skill      XL: |  1  2  3  4  5  6  7  8 |
---------------+-------------------------+-----
Unarmed Combat | 3 4 5 6 8 9 10 | 10.2
Dodging        | 3 |  3.0
Armour         | 1 |  1.1
Fighting       | |  2.4
Throwing       | |  1.7

Action                   |  1- 3 |  4- 6 |  7- 9 || total
-------------------------+-------+-------+-------++-------
Melee: Unarmed           |   162 |   148 |   101 ||   411
       Tailslap          |    11 |    23 |    13 ||    47
       Punch             |     1 |     6 |     7 ||    14
  Use: Scroll            |     4 |    11 |     1 ||    16
       Potion            |     4 |     1 |       ||     5
Armor: Leather armour    |    46 |    29 |    32 ||   107
       Skin              |     5 |       |       ||     5
Dodge: Dodged            |   103 |    63 |    47 ||   213
Block: Other             |    20 |    30 |    25 ||    75
       Reflection        |       |     1 |     1 ||     2

Levels and vault maps discovered:
D:1:      dpeg_arrival_boxorama, layout_rooms, shapermc_ecumenical_altar_venn
D:2:      kennysheep_the_goblin_king, layout_loops_cross, serial_bayou,
          serial_bayou_pond_e, serial_bayou_shore_a, serial_bayou_crossing,
          serial_bayou_pond_b, serial_shops, nicolae_shop_trees,
          kennysheep_flooded_box
D:3:      layout_rooms, nemelex_altar_shiori, uniq_jessica
D:4:      layout_loops_ring, tgw_kikubaaqudgha, serial_shops, shop_statue,
          chequers_serial_rivers_micro_d, grunt_decor_cap,
          minmay_misc_feat_tiny, minmay_misc_feat_five, uniq_crazy_yiuf_cottage
D:5:      layout_basic, uniq_prince_ribbit1, uniq_sigmund
D:6:      layout_loops_ring, minmay_temple_entry_gardened_gates
D:7:      layout_loops_ring, bloody_trog, elyvilon_altar_1,
          mainiacjoe_overflow_swirl, gammafunk_ghost_nasty_kobolds

Notes
Turn   | Place    | Note
-------+----------+-------------------------------------------
     0 | D:1      | kae the Demonspawn Gladiator began the quest for the Orb.
     0 | D:1      | Reached XP level 1. HP: 16/16 MP: 1/1
     0 | D:1      | magus.rc [v1.11.3]
    20 | D:1      | You pick up a book of Changes and begin reading...
    20 | D:1      | You add the spells Beastly Appendage, Wereblood and Spider
                  | Form to your library.
   126 | D:1      | Reached skill level 3 in Unarmed Combat
   237 | D:1      | Gained mutation: You have a small tail. [demonic ancestry]
   237 | D:1      | Reached XP level 2. HP: 16/22 MP: 2/2
   376 | D:1      | Found a faded altar of an unknown god.
   442 | D:1      | You pick up a book of the Dragon and begin reading...
   442 | D:1      | You add the spells Cause Fear, Dragon Form and Dragon's
                  | Call to your library.
   602 | D:1      | You pick up a book of Changes and begin reading...
  1030 | D:2      | Reached XP level 3. HP: 24/27 MP: 3/3
  1204 | D:2      | Reached skill level 4 in Unarmed Combat
  1243 | D:2      | HP: 5/27 [goblin/+0 dagger of venom (2)]
  1243 | D:2      | HP: 2/27 [poisoned by a goblin]
  1944 | D:2      | Found Awnenoum's Book Shop.
  2306 | D:3      | Reached XP level 4. HP: 24/33 MP: 4/4
  2555 | D:3      | Reached skill level 5 in Unarmed Combat
  2739 | D:3      | Reached XP level 5. HP: 23/38 MP: 5/5
  2879 | D:3      | You fall into a shaft and drop 1 floor!
  3007 | D:4      | Found Mumu's Magic Scroll Emporium.
  3033 | D:4      | Bought a scroll of identify for 26 gold pieces
  3033 | D:4      | Bought a scroll of identify for 26 gold pieces
  3033 | D:4      | Bought a scroll of teleportation for 39 gold pieces
  3080 | D:4      | You pick up a book of Spatial Translocations and begin
                  | reading...
  3080 | D:4      | You add the spells Blink, Lesser Beckoning and Manifold
                  | Assault to your library.
  3162 | D:4      | Found an ancient bone altar of Kikubaaqudgha.
  3163 | D:4      | You add the spells Ozocubu's Armour and Ozocubu's
                  | Refrigeration to your library.
  3202 | D:3      | Reached skill level 6 in Unarmed Combat
  3321 | D:2      | HP: 8/32 [gnoll/+1 whip of draining (3)]
  3583 | D:3      | Gained mutation: You are partially covered in razor-sharp
                  | scales. (AC +1, Slay +1) [demonic ancestry]
  3583 | D:3      | Reached XP level 6. HP: 28/39 MP: 6/6
  3691 | D:3      | Noticed Jessica
  3697 | D:3      | Killed Jessica
  3718 | D:3      | Found a sparkling altar of Nemelex Xobeh.
  4084 | D:4      | Reached skill level 7 in Unarmed Combat
  4443 | D:4      | Noticed a human
  4445 | D:4      | Killed a human
  4661 | D:5      | Entered Level 5 of the Dungeon
  4997 | D:5      | Noticed Sigmund
  5066 | D:5      | Noticed Prince Ribbit
  5072 | D:5      | HP: 9/44 [Prince Ribbit (13)]
  5083 | D:5      | Killed Prince Ribbit
  5084 | D:5      | Reached skill level 8 in Unarmed Combat
  5084 | D:5      | Gained mutation: You have a tail ending in a sharp stinger.
                  | [demonic ancestry]
  5084 | D:5      | Reached XP level 7. HP: 28/50 MP: 7/7
  5691 | D:5      | Killed Sigmund
  5783 | D:6      | Reached skill level 9 in Unarmed Combat
  5783 | D:6      | Gained mutation: You are mostly covered in razor-sharp
                  | scales. (AC +2, Slay +2) [demonic ancestry]
  5783 | D:6      | Reached XP level 8. HP: 51/56 MP: 8/8
  6053 | D:6      | Found a staircase to the Ecumenical Temple.
  6493 | D:6      | You pick up a book of Blasting and begin reading...
  6493 | D:6      | You add the spells Fulminant Prism, Iskenderun's Mystic
                  | Blast and Lee's Rapid Deconstruction to your library.
  6703 | D:6      | Reached skill level 10 in Unarmed Combat
  6906 | D:7      | Reached skill level 3 in Dodging
  6930 | D:7      | Reached skill level 1 in Armour
  6966 | D:7      | Noticed qborf's ghost (novice NaFE)
  6971 | D:7      | Found a runed translucent gate.
  6972 | D:7      | Found a runed translucent gate.
  6972 | D:7      | Found a runed translucent gate.
  7053 | D:7      | Noticed a hornet
  7058 | D:7      | HP: 8/57 [gnoll sergeant/+0 trident (11)]
  7059 | D:7      | Succumbed to a hornet's poison

Vanquished Creatures
  Prince Ribbit (D:5)
  Sigmund (D:5)
  A water moccasin (D:6)
  A sky beast (D:7)
  2 ogres
  2 kobold brigands
  A necrophage (D:6)
  A scorpion (D:5)
  2 orc priests
  A gnoll bouda (D:6)
  3 hounds
  A jelly (D:6)
  Jessica (D:3)
  4 iguanas
  12 gnolls
  5 adders
  A shadow imp (D:6)
  2 white imps
  3 dart slugs
  14 orcs
  8 ball pythons
  8 endoplasms
  2 giant cockroaches
  7 hobgoblins
  4 jackals (D:3)
  4 quokkas
  6 bats
  2 frilled lizards
  14 goblins
  16 kobolds
  3 rats
133 creatures vanquished.

Vanquished Creatures (others)
  A human (D:4)
  5 plants (D:2)
6 creatures vanquished.

Grand Total: 139 creatures vanquished

Table legend:
 A = Non-vault XP
 B = Vault XP
 C = Vault XP percentage of total XP
 D = Non-vault monster count
 E = Vault monster count
 F = Vault count percentage of total count
                 A         B        C        D         E       F
            +---------+---------+-------+---------+---------+-------
      Total |    1750 |     568 |  24.5 |     121 |      12 |   9.0
            +---------+---------+-------+---------+---------+-------
        D:1 |      39 |       0 |   0.0 |      22 |       0 |   0.0
        D:2 |      38 |      17 |  30.9 |      15 |       9 |  37.5
        D:3 |     281 |      37 |  11.6 |      24 |       1 |   4.0
        D:4 |     211 |       0 |   0.0 |      19 |       0 |   0.0
        D:5 |     253 |     514 |  67.0 |       9 |       2 |  18.2
        D:6 |     621 |       0 |   0.0 |      19 |       0 |   0.0
        D:7 |     307 |       0 |   0.0 |      13 |       0 |   0.0
            +---------+---------+-------+---------+---------+-------

Illustrated notes

Table legend:
 A = Kills in this place as a percentage of kills in entire the game.
 B = Kills by you in this place as a percentage of kills by you in the entire game.
 C = Kills by friends in this place as a percentage of kills by friends in the entire game.
 D = Other kills in this place as a percentage of other kills in the entire game.
 E = Experience gained in this place as a percentage of experience gained in the entire game.
 F = Experience gained in this place divided by the number of levels of this place that you have seen.
                   A       B       C       D       E      F
               +-------+-------+-------+-------+-------+----------------------
         Total | 100.0 | 100.0 |   N/A |   N/A | 100.0 | 331.1
       Dungeon | 100.0 | 100.0 |   N/A |   N/A | 100.0 | 331.1
               +-------+-------+-------+-------+-------+----------------------

Table legend: (Time is in decaauts)
 A = Elapsed time spent in this place.
 B = Non-inter-level travel time spent in this place.
 C = Inter-level travel time spent in this place.
 D = Time resting spent in this place.
 E = Time spent auto-exploring this place.
 F = Levels seen in this place.
 G = Mean time per level.
                   A        B        C        D        E       F      G
               +--------+--------+--------+--------+--------+-----+--------+
         Total |   7045 |   6898 |    147 |    994 |   4934 |   7 | 1006.4 |
       Dungeon |   7045 |   6898 |    147 |    994 |   4934 |   7 | 1006.4 |
               +--------+--------+--------+--------+--------+-----+--------+

Top non-repeatable levels by time:
     D:2: 1665 daAuts
     D:6: 1099 daAuts
     D:5: 1092 daAuts
     D:4: 1044 daAuts
     D:3: 1010 daAuts
     D:1: 949 daAuts
     D:7: 183 daAuts
